 Dungeon Crawl Stone Soup version 0.29-a0-1065-g47a6bb87d6 (webtiles) character file.

Game seed: 7199769329934159748

21485 Zeldest the Markself (level 12, -2/73 HPs)
             Began as a Deep Elf Hunter on Aug 19, 2022.
             Was an Elder of Fedhas.
             Slain by a swamp worm (5 damage)
             ... on level 3 of the Lair of Beasts.
             The game lasted 00:27:19 (10971 turns).

Zeldest the Markself (Deep Elf Hunter)             Turns: 10971, Time: 00:27:20

Health: -2/73      AC:  8    Str:  8    XL:     12   Next: 54%
Magic:  19/22      EV: 22    Int: 16    God:    Fedhas [****..]
Gold:   839        SH:  0    Dex: 28    Spells: 11/11 levels left

rFire   . . .      SeeInvis .   G - +2 longbow (freeze)
rCold   + . .      Faith    .   (shield currently unavailable)
rNeg    . . .      Spirit   .   q - +2 leather armour "Koali" {Dex+6}
rPois   .          Reflect  .   g - +0 helmet
rElec   .          Harm     .   A - +0 cloak
rCorr   +          Rampage  .   (no gloves)
Will    +....                   y - +0 pair of boots
Stlth   ++........              z - amulet of regeneration
HPRegen 1.02/turn               p - ring of resist corrosion
MPRegen 0.18/turn               h - ring of protection from cold

@: no status effects
A: no striking features
a: Renounce Religion, Wall of Briars, Grow Ballistomycete, Overgrow


You were on level 3 of the Lair of Beasts.
You worshipped Fedhas.
Fedhas was greatly pleased with you.
You visited 3 branches of the dungeon, and saw 13 of its levels.

You collected 839 gold pieces.

Inventory:

Hand Weapons
 a - a +0 shortbow of electrocution
 j - a +1 vampiric dagger
 B - a +2 vorpal falchion
 G - a +2 longbow of freezing (weapon)
 K - the +6 falchion of Terra Cotta {holy, rPois Dex+5}
   (You found it on level 1 of the Lair of Beasts)

   It has been blessed by the Shining One to cause great damage to the undead
   and demons.
   Dex:       It affects your dexterity (+5).
   rPois:     It protects you from poison.
Missiles
 c - 6 curare-tipped darts
Armour
 g - a +0 helmet (worn)
 o - a scarf of invisibility
 q - the +2 leather armour "Koali" (worn) {Dex+6}
   (You found it on level 9 of the Dungeon)

   Dex:       It affects your dexterity (+6).
 y - a +0 pair of boots (worn)
 A - a +0 cloak (worn)
Jewellery
 h - a ring of protection from cold (right hand)
 p - a ring of resist corrosion (left hand)
 z - an amulet of regeneration (around neck)
 N - the amulet of Elemental Vulnerability {rPois rF-- rC-- AC+8}
   (You found it on level 2 of the Lair of Beasts)

   [amulet of nothing]

   AC:        It affects your AC (+8).
   rF:        It makes you very vulnerable to fire.
   rC:        It makes you very vulnerable to cold.
   rPois:     It protects you from poison.
 O - a ring of flight
Wands
 L - a wand of polymorph (10)
Scrolls
 b - 4 scrolls of immolation
 e - a scroll of acquirement
 k - a scroll of fear
 r - a scroll of enchant armour
 s - a scroll of brand weapon
 t - a scroll of vulnerability
 u - 2 scrolls of torment
 C - a scroll of noise {unknown}
 E - a scroll of poison {unknown}
 F - a scroll of blinking {unknown}
 H - a scroll of magic mapping {unknown}
 I - 2 scrolls of teleportation
 Q - a scroll of amnesia {unknown}
 R - a scroll of identify
Potions
 d - a potion of might
 f - a potion of resistance
 i - 2 potions of mutation
 l - 2 potions of cancellation
 m - a potion of haste
 n - a potion of heal wounds
 v - 2 potions of brilliance
 w - 4 potions of attraction
 x - a potion of magic
 D - 5 potions of curing
 M - 2 potions of flight
 P - 2 potions of lignification
Miscellaneous
 J - a lightning rod (4/4)


   Skills:
 + Level 7.9 Fighting
 * Level 17.2 Ranged Weapons
 + Level 11.1 Dodging
 - Level 1.2 Stealth
 * Level 11.7 Invocations


You had 11 spell levels left.
You didn't know any spells.
Your spell library contained the following spells:

 Spells                   Type           Power      Damage    Failure   Level
 Magic Dart               Conj           0%         1d3       36%         1
 Ensorcelled Hibernation  Hex/Ice        0%         N/A       50%         2
 Poisonous Vapours        Pois/Air       0%         N/A       50%         2
 Searing Ray              Conj           0%         2d4       50%         2
 Sublimation of Blood     Necr           0%         N/A       50%         2
 Wereblood                Tmut           0%         N/A       50%         2
 Gell's Gravitas          Tloc           0%         N/A       73%         3
 Lesser Beckoning         Tloc           0%         N/A       73%         3
 Spider Form              Tmut/Pois      0%         N/A       73%         3
 Stone Arrow              Conj/Erth      0%         3d7       73%         3
 Teleport Other           Tloc           0%         N/A       73%         3
 Anguish                  Hex/Necr       0%         N/A       98%         4
 Animate Armour           Summ/Erth      0%         N/A       98%         4
 Corpse Rot               Necr/Pois/Air  0%         N/A       98%         4
 Fulminant Prism          Conj/Hex       0%         3d6       98%         4
 Iskenderun's Mystic Bla  Conj/Tloc      0%         2d3       98%         4
 Lee's Rapid Deconstruct  Erth           0%         3d5*      100%        5
 Summon Hydra             Summ           0%         N/A       100%        7
 Lehudib's Crystal Spear  Conj/Erth      0%         10d2      100%        8


Dungeon Overview and Level Annotations

Branches:
Dungeon (9/15)             Temple (1/1) D:7            Lair (3/5) D:8
 Spider (0/4) Lair:2
  Swamp: Lair:2-3    Shoals: Lair:2-3       Orc: D:9-12

Altars:
Ashenzari
Cheibriados
Dithmenos
Elyvilon
Fedhas
Gozag
Hepliaklqana
Kikubaaqudgha
Makhleb
Nemelex Xobeh
Qazlal
Ru
Trog
Vehumet
Wu Jian
Xom
Yredelemnul
Zin
The Shining One
Lugonu

Shops:
D:3 [:(::   D:7 *

Annotations:
D:2 Natasha, Terence
D:6 2 transporters, strifetoe's ghost, amateur MeFi
D:9 4 runed translucent doors


Message History

The harpoon shot misses you.
A swamp worm comes into view.
You shoot an arrow.
The arrow hits the swamp worm but does no damage.
The swamp worm is severely wounded.
You hear a roar!
You shoot an arrow. The arrow hits the swamp worm.
The arrow freezes the swamp worm.
The swamp worm is severely wounded.
You shoot an arrow.
The arrow closely misses the swamp worm.
The swamp worm bites you!
You shoot an arrow. The arrow hits the swamp worm!!
The arrow freezes the swamp worm!
You kill the swamp worm!
Fedhas appreciates your contribution to the ecosystem.
A cane toad comes into view.
The swamp worm fires a harpoon shot at you.
The harpoon shot misses you.
You shoot an arrow. The cane toad gives a loud, deep croak!
The arrow hits the swamp worm!
The arrow freezes the swamp worm.
The swamp worm is moderately wounded.
The swamp worm fires a harpoon shot at you.
The harpoon shot hits you!
You are yanked forward by the harpoon shot.
A four-headed hydra and a swamp worm come into view.
The swamp worm barely misses you.
The four-headed hydra moves out of view.
You are too injured to fight recklessly!
A briar patch grows up from the ground. x4; The swamp worm bites you!!
The swamp worm bites you.
You walk carefully through the plants.
The swamp worm attacks as you move away!
The swamp worm bites you!!
* * * LOW HITPOINT WARNING * * *
The swamp worm attacks as you move away!
The swamp worm bites you.
You die...
Fedhas appreciates your contribution to the ecosystem.

♣.............. ...♣
♣♣♣............## ♣♣♣...
♣.#............P. ≈≈~~..
♣♣...............
≈~~~~~♣♣................
≈~~~~~≈♣♣..............#
~~~wF ♣♣............##
♣♣♣♣♣ww♣♣...............
......w@P....!.....†....
......PPP...............
........................
.P......................
..#............... ....
.................. ....
................. ....
................. ....
....


You could see a cane toad and 4 swamp worms.

Vanquished Creatures
  Gastronok (Lair:3)
  3 hydras
  A two-headed ogre (D:8)
  Pikel (D:7)
  A cyclops (D:9)
  3 black mambas
  7 cane toads
  4 komodo dragons
  A queen bee (Lair:3)
  A troll (D:8)
  7 blink frogs
  21 yaks
  A wraith (D:9)
  4 fire bats (Lair:3)
  4 wyverns
  5 steam dragons
  A swamp worm (Lair:3)
  2 acid dragons (D:9)
  10 water moccasins
  6 orc warriors
  An ice beast (D:6)
  A black bear (D:6)
  3 sky beasts
  8 wolves
  A lemure (D:7)
  2 kobold brigands
  8 bullfrogs
  2 necrophages (D:6)
  10 wights
  3 howler monkeys (D:9)
  19 killer bees
  2 electric eels
  6 hounds
  A lava snake (Lair:3)
  A gnoll bouda (D:5)
  5 orc priests
  Jessica (D:2)
  An iguana (D:6)
  4 orc wizards
  Natasha (D:2)
  8 adders
  4 gnolls
  A white imp (D:6)
  An ufetubus (D:6)
  A worm (D:4)
  A dart slug (D:1)
  23 orcs
  A ball python (D:3)
  3 bat zombies (D:6)
  6 endoplasms
  5 giant cockroaches
  6 goblins
  6 hobgoblins
  4 jackals (D:1)
  17 kobolds
  3 quokkas
  6 bats
  3 frilled lizards
  4 rats
  A rat zombie (D:6)
268 creatures vanquished.

Vanquished Creatures (collateral kills)
  A blink frog (Lair:1)
  A yak (Lair:2)
  3 killer bees (Lair:3)
5 creatures vanquished.

Vanquished Creatures (others)
  A fungus (Lair:3)
  13 plants
14 creatures vanquished.

Grand Total: 287 creatures vanquished

Notes
Turn   | Place    | Note
-------+----------+-------------------------------------------
     0 | D:1      | Zeldest the Deep Elf Hunter began the quest for the Orb.
     0 | D:1      | Reached XP level 1. HP: 12/12 MP: 3/3
   436 | D:1      | Reached XP level 2. HP: 17/17 MP: 4/4
  1078 | D:2      | Noticed Terence
  1167 | D:2      | Noticed Jessica
  1185 | D:2      | Killed Jessica
  1186 | D:2      | Reached skill level 6 in Ranged Weapons
  1186 | D:2      | Reached XP level 3. HP: 21/21 MP: 5/5
  1206 | D:2      | Noticed Natasha
  1211 | D:2      | Killed Natasha
  1212 | D:2      | Reached XP level 4. HP: 25/26 MP: 6/6
  1328 | D:2      | Noticed Natasha
  2098 | D:3      | Found Bucuh's Armour Shoppe.
  2148 | D:3      | Reached skill level 7 in Ranged Weapons
  2151 | D:3      | Found Diystef's Weapon Boutique.
  2241 | D:3      | Found Letocuf's Book Emporium.
  2351 | D:3      | Found a broken altar of Ashenzari.
  2366 | D:3      | Found Ohopra's Book Shop.
  2582 | D:3      | Reached XP level 5. HP: 25/31 MP: 7/7
  2605 | D:3      | Found Yreh's Book Shop.
  2785 | D:4      | Found a glowing golden altar of the Shining One.
  2811 | D:4      | HP: 1/31 [hound (5)]
  2838 | D:4      | Noticed an angel
  3126 | D:4      | Reached XP level 6. HP: 36/36 MP: 8/8
  3698 | D:4      | Found a basalt altar of Yredelemnul.
  3841 | D:5      | Entered Level 5 of the Dungeon
  3928 | D:5      | Found a bloodstained altar of Trog.
  4028 | D:5      | Reached skill level 8 in Ranged Weapons
  4336 | D:6      | Noticed an orc warrior
  4406 | D:6      | Found a transporter.
  4430 | D:6      | Noticed an ice beast
  4435 | D:6      | Killed an ice beast
  4436 | D:6      | Reached skill level 5 in Dodging
  4436 | D:6      | Reached XP level 7. HP: 41/41 MP: 9/9
  4498 | D:6      | Reached skill level 9 in Ranged Weapons
  4539 | D:6      | Found a shadowy altar of Dithmenos.
  4644 | D:6      | Found a stormy altar of Qazlal.
  4783 | D:6      | Found a white marble altar of Elyvilon.
  4834 | D:6      | Noticed strifetoe's ghost (amateur MeFi)
  4886 | D:6      | Found a transporter.
  4958 | D:6      | Found an ancient bone altar of Kikubaaqudgha.
  4985 | D:6      | Reached skill level 10 in Ranged Weapons
  5026 | D:6      | Reached XP level 8. HP: 48/48 MP: 10/10
  5174 | D:7      | Found Zin's Purification Station.
  5174 | D:7      | Found a glowing silver altar of Zin.
  5349 | D:7      | Found a staircase to the Ecumenical Temple.
  5374 | Temple   | Entered the Ecumenical Temple
  5412 | Temple   | Became a worshipper of Fedhas Madash
  5939 | D:7      | Reached skill level 11 in Ranged Weapons
  5939 | D:7      | Reached skill level 1 in Invocations
  6407 | D:8      | Reached XP level 9. HP: 38/53 MP: 13/13
  6527 | D:8      | Reached skill level 5 in Fighting
  6536 | D:8      | Reached skill level 12 in Ranged Weapons
  6557 | D:8      | Reached * piety under Fedhas
  6560 | D:8      | Noticed a troll
  6639 | D:8      | Found a radiant altar of Vehumet.
  6668 | D:8      | Noticed a two-headed ogre
  6736 | D:9      | Found an opulent altar of Gozag.
  6796 | D:9      | Found a runed translucent door.
  6846 | D:9      | Identified the +2 leather armour "Koali" {Dex+6}
  6865 | D:9      | Reached skill level 5 in Invocations
  6905 | D:9      | Noticed a cyclops
  6916 | D:9      | Killed a cyclops
  7119 | D:9      | Reached skill level 13 in Ranged Weapons
  7189 | D:9      | Reached XP level 10. HP: 57/60 MP: 16/16
  7198 | D:9      | Identified 2 scrolls of acquirement
  7199 | D:9      | Acquired a +2 longbow of freezing
  7315 | D:9      | Found a runed translucent door.
  7339 | D:9      | Found a runed translucent door.
  7355 | D:9      | Found a runed translucent door.
  7390 | D:9      | Reached ** piety under Fedhas
  8030 | D:8      | Found a hazy altar of Hepliaklqana.
  8183 | D:8      | Killed a two-headed ogre
  8184 | D:8      | Reached skill level 14 in Ranged Weapons
  8307 | D:8      | Found a staircase to the Lair.
  8606 | D:7      | Noticed Pikel
  8609 | D:7      | Killed Pikel
  8740 | Lair:1   | Entered Level 1 of the Lair of Beasts
  8746 | Lair:1   | Identified the +6 falchion of Terra Cotta {holy, rPois
                  | Dex+5}
  8801 | Lair:1   | Reached XP level 11. HP: 49/66 MP: 19/19
  8841 | Lair:1   | Reached *** piety under Fedhas
  9026 | D:8      | Reached skill level 15 in Ranged Weapons
  9451 | Lair:2   | Found the amulet of Elemental Vulnerability {rPois rF--
                  | rC-- AC+8}
  9617 | Lair:2   | Found a hole to the Spider Nest.
  9663 | Lair:2   | Reached skill level 10 in Dodging
  9825 | Lair:2   | Noticed a seven-headed hydra
  9829 | Lair:2   | Killed a seven-headed hydra
  9830 | Lair:2   | Reached skill level 10 in Invocations
  9915 | Lair:2   | Reached skill level 16 in Ranged Weapons
  9924 | Lair:2   | Reached **** piety under Fedhas
 10036 | Lair:2   | Reached XP level 12. HP: 50/72 MP: 19/22
 10485 | Lair:3   | Noticed an eight-headed hydra
 10489 | Lair:3   | Killed an eight-headed hydra
 10720 | Lair:3   | Noticed Gastronok
 10720 | Lair:3   | Noticed a four-headed hydra
 10735 | Lair:3   | Killed a four-headed hydra
 10756 | Lair:3   | Killed Gastronok
 10757 | Lair:3   | Reached skill level 17 in Ranged Weapons
 10969 | Lair:3   | Noticed a four-headed hydra
 10971 | Lair:3   | HP: 3/73 [swamp worm (19)]
 10971 | Lair:3   | Slain by a swamp worm

Illustrated notes

Levels and vault maps discovered:
D:1:      dpeg_arrival_more_subterranean_lakeside_camping, layout_basic,
          kennysheep_small_spiral
D:2:      layout_loops_ring, uniq_natasha, uniq_terence, uniq_jessica
D:3:      layout_loops_cross, general_overflow_altar, serial_shops,
          nicolae_shop_hallway_stairs, nicolae_shop_window_shopping,
          nicolae_diamond_shop, nicolae_shop_waterfront,
          nicolae_shop_window_shopping
D:4:      layout_basic, grunt_temple_overflow_holy_war
D:5:      layout_cave_pools, bloody_trog
D:6:      layout_loops_ring, nicolae_qazlal_eye_of_the_storm,
          lemuel_zombie_altar_kikubaaqudgha, nicolae_elyvilon_temple_path,
          grunt_dithmenos_smoke, gammafunk_ghost_gnarly_gnolls
D:7:      layout_basic, zin_purify, minmay_temple_entry_offerings, uniq_pikel
D:8:      cheibrodos_steamvent, layout_basic, lemuel_round_altar,
          mainiacjoe_overflow_alcove_4, erik_lair_island
D:9:      layout_gridville, lemuel_crystal_altar, corexii_corridor_pit,
          minmay_statue_crystal_thing
Temple:   corrupted_temple
Lair:1:   layout_hall_layers, serial_bayou_pond_d, infiniplex_staircase_pool
Lair:2:   layout_cave_pods, spider_nest_entry_web_field,
          infiniplex_staircase_pool_2
Lair:3:   layout_gridlike, palyth_hydra_swamp_entry, special_room
          [special_room_bee], uniq_gastronok

Skill      XL: |  1  2  3  4  5  6  7  8  9 10 11 12 |
---------------+-------------------------------------+-----
Fighting       | 2 3 4 5 6 7 |  7.9
Ranged Weapons | 6 7 8 10 11 13 14 16 17 | 17.2
Dodging        | 3 4 5 6 7 8 9 10 11 | 11.1
Invocations    | 3 6 8 10 11 | 11.7
Stealth        | |  1.2

Action                   |  1- 3 |  4- 6 |  7- 9 | 10-12 || total
-------------------------+-------+-------+-------+-------++-------
 Fire: Shortbow          |    51 |   219 |   360 |       ||   630
       Longbow           |       |       |       |   451 ||   451
Invok: Wall of Briars    |       |       |       |     5 ||     5
  Use: Scroll            |       |     5 |    10 |     8 ||    23
       Potion            |       |     4 |     3 |     1 ||     8
Armor: Leather armour    |     2 |    23 |    41 |    26 ||    92
       Skin              |       |       |     1 |       ||     1
       Steam dragon scal |       |       |     8 |       ||     8
Dodge: Dodged            |    18 |   112 |   187 |   199 ||   516

Table legend: (Time is in decaauts)
 A = Elapsed time spent in this place.
 B = Non-inter-level travel time spent in this place.
 C = Inter-level travel time spent in this place.
 D = Time resting spent in this place.
 E = Time spent auto-exploring this place.
 F = Levels seen in this place.
 G = Mean time per level.
                   A        B        C        D        E       F      G
               +--------+--------+--------+--------+--------+-----+--------+
         Total |  11069 |  10182 |    887 |   1480 |   6197 |  13 |  851.5 |
       Dungeon |   8769 |   7949 |    820 |   1411 |   4625 |   9 |  974.3 |
        Temple |     53 |     39 |     14 |      0 |     28 |   1 |   53.0 |
          Lair |   2246 |   2194 |     52 |     69 |   1543 |   3 |  748.7 |
               +--------+--------+--------+--------+--------+-----+--------+

Top non-repeatable levels by time:
     D:1: 1450 daAuts
     D:9: 1209 daAuts
     D:4: 1150 daAuts
     D:8: 1134 daAuts
     D:7: 1066 daAuts
  Lair:2: 974 daAuts
     D:6: 884 daAuts
     D:3: 735 daAuts
  Lair:1: 653 daAuts
  Lair:3: 618 daAuts
     D:5: 586 daAuts
     D:2: 552 daAuts
  Temple: 53 daAuts
